 Dungeon Crawl Stone Soup version 0.17-a0-1863-g715b4b0 (webtiles) character file.

59 mcbry74 the Skirmisher (level 3, -1/29 HPs)
             Began as a Demonspawn Abyssal Knight on Sept 20, 2015.
             Was a Believer of Lugonu.
             Slain by Rayvis's ghost (12 damage)
             ... on level 3 of the Dungeon.
             The game lasted 00:14:05 (2034 turns).

mcbry74 the Skirmisher (Demonspawn Abyssal Knight)  Turns: 2034, Time: 00:14:06

Health: -1/29      AC:  5    Str: 13    XL:     3   Next: 78%
Magic:  0/5        EV: 10    Int: 13    God:    Lugonu [**....]
Gold:   101        SH:  0    Dex: 12    Spells: 0 memorised, 2 levels left

rFire  . . .     SeeInvis .     a - +1 spear
rCold  . . .     Clarity  .     l - +0 ring mail
rNeg   . . .     SustAt   +     (no shield)
rPois  .         Gourm    .     (no helmet)
rElec  .         Spirit   +     (no cloak)
rCorr  .         Warding  .     (no gloves)
rMut   .         Stasis   .     (no boots)
MR     .....                    (no amulet)
Stlth  +.........               (no ring)
                                e - ring of sustain attributes

@: not resistant to hostile enchantments, very unstealthy
A: magic shield
a: Depart the Abyss, Bend Space, Renounce Religion


You were on level 3 of the Dungeon.
You worshipped Lugonu.
Lugonu was pleased with you.
You were not hungry.

You visited 1 branch of the dungeon, and saw 3 of its levels.
You visited the Abyss 1 time.

You collected 101 gold pieces.

Inventory:

Hand weapons
 a - a +1 spear (weapon)
 i - a +0 short sword of electrocution
Armour
 b - a +0 leather armour
 l - a +0 ring mail (worn)
Jewellery
 d - an uncursed ring of protection from magic {unknown}
 e - a ring of sustain attributes (left hand)
Scrolls
 k - a scroll of fog {unknown}
Potions
 g - a potion of brilliance {unknown}
 j - a potion of heal wounds
 n - a potion of lignification {unknown}
Comestibles
 c - a bread ration
 f - a beef jerky
 h - 10 fruits
 m - a meat ration
 o - a chunk of flesh


   Skills:
 + Level 3.5 Fighting
 + Level 2.2 Polearms
 + Level 2.1 Armour
 + Level 1.6 Dodging
 + Level 0.2 Stealth
 + Level 3.1 Invocations


You had 2 spell levels left.
You didn't know any spells.

Dungeon Overview and Level Annotations

Branches:
Dungeon (3/15)

Altars:

Annotations:
D:3 Rayvis's ghost, average MiFi


Innate Abilities, Weirdness & Mutations

When hurt, damage is shared between your health and your magic reserves.


Message History

Rayvis's ghost is lightly damaged.
Rayvis's ghost hits you.
You hit Rayvis's ghost but do no damage.
Rayvis's ghost is lightly damaged.
Rayvis's ghost says, "Try not to bleed too much."
Rayvis's ghost hits you!
Ouch! That really hurt!
You hit Rayvis's ghost.
Rayvis's ghost is lightly damaged.
Rayvis's ghost completely misses you.
You hit Rayvis's ghost but do no damage.
Rayvis's ghost is lightly damaged.
Rayvis's ghost completely misses you.
You hit Rayvis's ghost.
Rayvis's ghost is lightly damaged.
Rayvis's ghost closely misses you.
You hit Rayvis's ghost but do no damage.
Rayvis's ghost is lightly damaged.
Rayvis's ghost hits you!
You die...

'... #...
#... ######
#... #....#
#... #....#
#... #....#
#...##....#
#.W@....#
#.###.###
=.. #.# ###.
#.##########
#.
#....).....#
#.
##########.#
#. #....[.#
#. #.######
##'###


You could see Rayvis's ghost.

Vanquished Creatures
  An adder (D:3)
  A giant gecko (D:1)
  4 orcs (D:3)
  A ball python (D:1)
  2 hobgoblins (D:3)
  8 jackals (D:1)
  4 kobolds
  A quokka (D:3)
  2 bats (D:1)
  2 giant newts
  5 goblins
  10 rats
41 creatures vanquished.

Notes
Turn   | Place    | Note
--------------------------------------------------------------
     0 | Abyss:1  | mcbry74 the Demonspawn Abyssal Knight began the quest for the Orb.
     0 | Abyss:1  | Reached XP level 1. HP: 18/18 MP: 2/2
    53 | Abyss:1  | Noticed an orange demon
    80 | Abyss:1  | Noticed a large abomination
    85 | Abyss:1  | Noticed a large abomination
    95 | D:1      | Escaped the Abyss
   243 | D:1      | Acquired Lugonu's first power
   246 | D:1      | Gained mutation: When hurt, damage is shared between your health and your magic reserves. [demonic ancestry]
   246 | D:1      | Reached XP level 2. HP: 21/24 MP: 4/4
   640 | D:1      | Reached skill level 1 in Dodging
  1172 | D:1      | Reached XP level 3. HP: 25/29 MP: 5/5
  1969 | D:3      | Acquired Lugonu's second power
  2021 | D:3      | Noticed Rayvis's ghost (average MiFi)
  2034 | D:3      | Slain by Rayvis's ghost

Vault maps used:
D:1:      minmay_arrival_four_circles
D:2:      first_bread, bh_chokoban
D:3:      grunt_decor_arrowhead

Action                   || total
-------------------------++-------
Melee: Spear             ||   147
Invok: Depart the Abyss  ||     1
  Use: Scroll            ||     3
       Potion            ||     1
  Eat: Chunk             ||     4
